AoeStats
← Wren

Arabia

506148261Analyzed
1v1 RM · 19d ago on Sep 12, 2026· 49m 23s· 2 players
Game mode
Random Map
Map size
Tiny (2 player)
Population
200
Speed
Normal
Resources
Standard
Victory
Conquest
Starting age
Dark Age
Ending age
Imperial Age
RankedLock teamsTeams togetherTeam positionsShared explorationLock speedFull tech treeHidden civsTurbo modeCheats
Victory
Defeat
🇬🇧 Magyars · United Kingdom
896
+17
🇦🇷 Lithuanians · Argentina
923
-17
Wren
5:25 Loom
10:56 Feudal Age
12:30 Wheelbarrow
11:43 Double-Bit Axe
11:50 Horse Collar
21:19 Castle Age
19:56 Gold Mining
22:17 Scale Barding Armor
23:05 Bow Saw
22:57 Heavy Plow
23:46 Hand Cart
32:19 Chain Barding Armor
32:58 Bloodlines
33:00 Husbandry
34:53 Light Cavalry
35:08 Light Cavalry
36:45 Gold Shaft Mining
40:32 Imperial Age
39:33 Stone Mining
40:15 Corvinian Army
41:06 Elite Magyar Huszar
41:15 Cavalier
42:36 Plate Barding Armor
42:39 Crop Rotation
43:11 Two-Man Saw
42:19 Cavalier
43:25 Conscription
44:14 Paladin
46:24 Pikeman
BeLieb10
5:59 Loom
9:33 Feudal Age
10:45 Double-Bit Axe
18:17 Bloodlines
20:12 Castle Age
18:30 Forging
19:09 Horse Collar
21:16 Fletching
21:23 Gold Mining
26:06 Bow Saw
28:10 Iron Casting
27:40 Scale Barding Armor
28:37 Wheelbarrow
30:24 Stone Mining
31:24 Heavy Plow
32:33 Chain Barding Armor
37:21 Imperial Age
35:59 Hand Cart
35:30 Town Watch
38:23 Bodkin Arrow
40:44 Stone Shaft Mining
40:50 Masonry
41:02 Ballistics
41:43 Chemistry
40:59 Bloodlines
40:50 Husbandry
42:52 Plate Barding Armor
43:35 Hill Forts
43:57 Conscription
44:46 Cavalier
45:59 Light Cavalry
47:11 Padded Archer Armor
Connection lost

Rejoining the realm…

Still unreachable

The connection could not be restored.

Session expired

The server has moved on; the page needs a fresh start.